 Dungeon Crawl Stone Soup version 0.21.0-3-g78d12a8 (webtiles) character file.

29145 shmeve the Severer (level 13, -3/117 HPs)
             Began as a Minotaur Berserker on Jan 11, 2018.
             Was a High Priest of Trog.
             Slain by a shadow wraith (8 damage)
             ... on level 13 of the Dungeon.
             The game lasted 00:25:19 (11727 turns).

shmeve the Severer (Minotaur Berserker)            Turns: 11727, Time: 00:25:20

Health: -3/117     AC: 22    Str: 30    XL:     13   Next: 13%
Magic:  12/12      EV: 14    Int:  9    God:    Trog [*****.]
Gold:   1198       SH:  7    Dex: 16    Spells: 12/12 levels left

rFire    . . .     SeeInvis .   y - +0 war axe
rCold    . . .     Gourm    +   p - +0 buckler (curse)
rNeg     . . .     Faith    .   Y - +8 chain mail "Aseuloc" {+Inv Int+5}
rPois    +         Spirit   .   (helmet restricted)
rElec    .         Reflect  .   j - +2 cloak
rCorr    .         Harm     .   l - +0 pair of gloves
MR       .....                  x - -2 pair of boots (curse)
Stlth    ..........             N - amulet "Zycerar" {Gourm rPois Str+4}
HPRegen  0.29/turn              o - +5 ring of dexterity
MPRegen  0.13/turn              F - +3 ring of evasion

@: berserk cooldown, slowed, very slow
A: retaliatory headbutt, horns 2
a: Berserk, Trog's Hand, Brothers in Arms, Burn Spellbooks, Renounce Religion,
Evoke Invisibility


You were on level 13 of the Dungeon.
You worshipped Trog.
Trog was extremely pleased with you.
You were very full.

You visited 1 branch of the dungeon, and saw 13 of its levels.

You collected 1198 gold pieces.

Inventory:

Hand Weapons
 y - a +0 war axe (weapon)
Missiles
 H - 6 poisoned javelins
 O - 14 javelins of returning (quivered)
Armour
 j - a +2 cloak (worn)
 l - a +0 pair of gloves (worn)
 p - a cursed +0 buckler (worn)
 x - a cursed -2 pair of boots (worn)
 Y - the +8 chain mail "Aseuloc" (worn) {+Inv Int+5}
   (You found it on level 11 of the Dungeon)

   It affects your intelligence (+5).
   It lets you turn invisible.
Jewellery
 o - a +5 ring of dexterity (left hand)
 A - a +4 amulet of reflection
 B - a +2 ring of evasion
 C - a +1 ring of protection {unknown}
 E - an uncursed ring of protection from magic {unknown}
 F - a +3 ring of evasion (right hand)
 N - the amulet "Zycerar" (around neck) {Gourm rPois Str+4}
   (You found it on level 8 of the Dungeon)

   [amulet of the gourmand]

   It allows you to eat raw meat even when not hungry.
   It affects your strength (+4).
   It protects you from poison.
 T - an uncursed ring of protection from cold {unknown}
 V - an uncursed amulet of guardian spirit {unknown}
 W - an uncursed ring of protection from fire {unknown}
Wands
 k - a wand of flame (80)
 M - a wand of random effects (32)
 P - a wand of clouds (3)
 U - a wand of acid (7)
Scrolls
 a - 3 scrolls of fear {unknown}
 d - 3 scrolls of magic mapping {unknown}
 f - 3 scrolls of noise {unknown}
 i - 5 scrolls of enchant weapon {unknown}
 n - 13 scrolls of identify {unknown}
 u - 4 scrolls of teleportation {unknown}
 v - 4 scrolls of enchant armour {unknown}
 z - a scroll of immolation {unknown}
 G - 4 scrolls of remove curse {unknown}
 I - 2 scrolls of random uselessness {unknown}
 J - a scroll of blinking {unknown}
 K - 3 scrolls of amnesia {unknown}
 Q - a scroll of vulnerability {unknown}
 X - 2 scrolls of fog {unknown}
Potions
 b - a potion of brilliance {unknown}
 e - 6 potions of curing
 g - 2 potions of haste {unknown}
 h - 4 potions of degeneration {unknown}
 m - 7 potions of heal wounds {unknown}
 q - a potion of mutation {unknown}
 r - 4 potions of might {unknown}
 s - 4 potions of cancellation {unknown}
 t - 4 potions of flight {unknown}
 w - 3 potions of agility
 D - a potion of resistance {unknown}
 L - a potion of lignification {unknown}
 R - a potion of invisibility {unknown}
Books
 S - a book of Air

   Spells                             Type                      Level
   a - Shock                          Conjuration/Air              1
   b - Swiftness                      Charms/Air                   2
   c - Static Discharge               Conjuration/Air              3
   d - Airstrike                      Air                          4
   e - Lightning Bolt                 Conjuration/Air              5
   Trog disapproves of the use of such an item.
Comestibles
 c - 20 rations


   Skills:
 * Level 11.8 Fighting
 * Level 17.1 Axes
 * Level 7.7 Throwing
 + Level 7.9 Armour
 + Level 3.6 Dodging
 + Level 0.9 Stealth
 * Level 10.7 Shields


You had 12 spell levels left.
You didn't know any spells.

Dungeon Overview and Level Annotations

Branches:
Dungeon (13/15)            Temple (0/1) D:4            Lair (0/6) D:11
    Orc (0/2) D:11
 Vaults: D:13-14

Altars:
Gozag
Kikubaaqudgha
Yredelemnul

Shops:
D:4 *

Annotations:
D:5 Prince Ribbit


Innate Abilities, Weirdness & Mutations

You reflexively headbutt those who attack you in melee.
You have a pair of horns on your head.


Message History

The iron troll claws you!
* * * LOW HITPOINT WARNING * * *
The iron troll claws you but does no damage.
You slice the iron troll!! You headbutt the iron troll!
You kill the iron troll!
Trog accepts your kill.
You see here an iron troll corpse.
You feel a strong urge to attack something.
You are no longer berserk.
You are exhausted.
You feel yourself slow down.
You start resting.
Something hits you!
* * * LOW HITPOINT WARNING * * *
Deactivating autopickup; reactivate with Ctrl-A.
You start resting.
Something hits you but does no damage. x2
You slash something! Something hits you.
* * * LOW HITPOINT WARNING * * *
You slash something! Something hits you!
You die...

........#...............#####.#
........#.....................#
############+#######..........#
.#########.........#..........#
.#.......#.........#..........#
.#.................#..........#
.#.................#..#######.#
.#........########.'..#######.#
.#......#.#...†.@#.#..........#
.+......#.#......#............#
.#......#.#.####.#............#
.#......#.# #.#............#
.#......#.# #..............#
.########.# #......[.......#
#########.# #..............#
........#.# #.#.#..........#
........#.######.#.#..........#


There were no monsters in sight!

Vanquished Creatures
  The ghost of Dazliare the Severer, a journeyman MiBe of Trog (D:11)
  Erolcha (D:9)
  2 hydras (D:13)
  2 centaur warriors
  5 two-headed ogres
  A tengu warrior (D:11)
  Sonja (D:12)
  An iron troll (D:13)
  The ghost of advil the Cleaver, a novice MiWr of Wu Jian (D:7)
  2 unseen horrors
  An orc knight (D:11)
  Pikel (D:9)
  3 ugly things (D:11)
  A manticore (D:11)
  A cyclops (D:13)
  2 centaur zombies
  Psyche (D:12)
  A gargoyle (D:13)
  2 centaur skeletons
  A komodo dragon (D:11)
  A meliai (D:11)
  4 trolls
  4 hippogriffs
  A slime creature (D:11)
  A shadow (D:12)
  A wyvern (D:13)
  A spriggan (D:7)
  11 yaks
  A tarantella (shapeshifter) (D:13)
  A water elemental (D:12)
  A hungry ghost (D:12)
  The ghost of RebellionBird the Firebug, an amateur DrFE (D:3)
  A soldier ant (D:11)
  2 wargs (D:11)
  2 acid dragons (D:11)
  Edmund (D:5)
  A water moccasin (D:10)
  5 ice beasts
  14 orc warriors
  5 sky beasts
  A black bear (D:8)
  5 phantoms
  8 ogres
  10 centaurs
  3 crocodiles
  3 big kobolds
  8 bullfrogs
  A wyvern zombie (D:7)
  A wyvern skeleton (D:7)
  4 scorpions
  A water moccasin skeleton (D:7)
  14 killer bees
  3 wights (D:11)
  3 howler monkeys
  3 electric eels (D:12)
  4 crimson imps
  2 bullfrog zombies
  14 orc priests
  7 hounds
  A jelly (D:11)
  12 orc wizards
  A bullfrog skeleton (D:6)
  7 iguanas
  7 worker ants
  A killer bee zombie (D:7)
  A worker ant zombie (D:11)
  14 adders
  3 shadow imps
  2 oozes
  3 adder zombies
  An adder skeleton (D:5)
  5 worms
  A dart slug (D:4)
  6 leopard geckos
  58 orcs
  3 bats
  2 giant cockroaches (D:1)
  7 goblins
  6 hobgoblins
  17 jackals
  5 quokkas
  A ball python (D:2)
  4 frilled lizards
  16 kobolds
  A leopard gecko skeleton (D:6)
  10 rats
380 creatures vanquished.

Vanquished Creatures (others)
  An orc (D:5)
1 creature vanquished.

Grand Total: 381 creatures vanquished

Notes
Turn   | Place    | Note
-------+----------+-------------------------------------------
     0 | D:1      | shmeve the Minotaur Berserker began the quest for the Orb.
     0 | D:1      | Reached XP level 1. HP: 19/19 MP: 0/0
   144 | D:1      | Reached XP level 2. HP: 8/27 MP: 1/1
   389 | D:1      | Reached skill level 4 in Axes
   487 | D:1      | Reached ** piety under Trog
   846 | D:2      | Reached XP level 3. HP: 33/33 MP: 2/2
   894 | D:2      | Reached skill level 1 in Shields
  1478 | D:3      | Reached XP level 4. HP: 37/40 MP: 3/3
  1904 | D:3      | Noticed RebellionBird's ghost (amateur DrFE)
  1917 | D:3      | Killed RebellionBird's ghost
  1917 | D:3      | Reached skill level 5 in Shields
  1917 | D:3      | Reached XP level 5. HP: 46/46 MP: 4/4
  2200 | D:4      | Noticed a phantom
  2250 | D:4      | Killed a phantom
  2250 | D:4      | Reached skill level 1 in Throwing
  2250 | D:4      | Reached XP level 6. HP: 50/53 MP: 5/5
  2346 | D:4      | Reached skill level 5 in Axes
  2565 | D:4      | Found Rimowkig's Assorted Antiques.
  2590 | D:4      | Reached XP level 7. HP: 60/60 MP: 6/6
  2950 | D:4      | Reached *** piety under Trog
  3259 | D:4      | Found a staircase to the Ecumenical Temple.
  3342 | D:5      | Entered Level 5 of the Dungeon
  3408 | D:5      | Found an ancient bone altar of Kikubaaqudgha.
  3430 | D:5      | Reached skill level 5 in Fighting
  3497 | D:5      | Noticed Edmund
  3506 | D:5      | Reached skill level 6 in Axes
  3509 | D:5      | Killed Edmund
  3647 | D:5      | Reached skill level 7 in Axes
  3667 | D:5      | Noticed Prince Ribbit
  3675 | D:5      | Reached XP level 8. HP: 52/69 MP: 7/7
  4081 | D:6      | Received a gift from Trog
  4460 | D:6      | Reached skill level 8 in Axes
  5046 | D:7      | Reached **** piety under Trog
  5104 | D:7      | Reached skill level 9 in Axes
  5142 | D:7      | Reached XP level 9. HP: 62/78 MP: 8/8
  5339 | D:7      | Noticed advil's ghost (novice MiWr)
  5388 | D:7      | Found a flagged portal.
  5526 | D:7      | Killed advil's ghost
  5526 | D:7      | Reached skill level 10 in Axes
  5757 | D:7      | Reached skill level 5 in Armour
  6087 | D:8      | Reached skill level 11 in Axes
  6132 | D:8      | Reached XP level 10. HP: 86/86 MP: 9/9
  6135 | D:8      | Reached skill level 12 in Axes
  6143 | D:8      | Reached ***** piety under Trog
  6164 | D:8      | Got a vibrating diamond amulet
  6166 | D:8      | Identified the amulet "Zycerar" {Gourm rPois Str+4} (You found it on level 8 of the Dungeon)
  6204 | D:8      | Noticed a two-headed ogre
  6212 | D:8      | Killed a two-headed ogre
  6212 | D:8      | Reached skill level 5 in Throwing
  6354 | D:8      | Noticed a two-headed ogre
  6364 | D:8      | Killed a two-headed ogre
  6364 | D:8      | Reached skill level 13 in Axes
  6560 | D:8      | Received a gift from Trog
  6576 | D:8      | Found an opulent altar of Gozag.
  6983 | D:9      | Noticed Pikel
  6999 | D:9      | Killed Pikel
  7015 | D:9      | Noticed a two-headed ogre
  7025 | D:9      | Killed a two-headed ogre
  7025 | D:9      | Reached skill level 14 in Axes
  7025 | D:9      | Reached XP level 11. HP: 63/95 MP: 10/10
  7242 | D:9      | Received a gift from Trog
  7652 | D:9      | Noticed Erolcha
  7661 | D:9      | Killed Erolcha
  7684 | D:9      | Received a gift from Trog
  7786 | D:10     | Entered Level 10 of the Dungeon
  7800 | D:10     | Noticed a two-headed ogre
  7808 | D:10     | Killed a two-headed ogre
  7986 | D:10     | Received a gift from Trog
  8266 | D:10     | Reached skill level 15 in Axes
  8334 | D:10     | Received a gift from Trog
  8534 | D:11     | Found a staircase to the Lair.
  8544 | D:11     | Received a gift from Trog
  8633 | D:11     | Found an opulent altar of Gozag.
  8770 | D:11     | Noticed a tengu warrior
  8783 | D:11     | Killed a tengu warrior
  8812 | D:11     | Received a gift from Trog
  8859 | D:11     | Noticed Dazliare's ghost (journeyman MiBe)
  8877 | D:11     | Killed Dazliare's ghost
  9059 | D:11     | Reached XP level 12. HP: 106/106 MP: 11/11
  9117 | D:11     | Noticed a centaur warrior
  9129 | D:11     | Killed a centaur warrior
  9129 | D:11     | Reached skill level 10 in Fighting
  9148 | D:11     | Reached skill level 16 in Axes
  9157 | D:11     | Noticed a two-headed ogre
  9171 | D:11     | Killed a two-headed ogre
  9205 | D:11     | Got a warped chain mail
  9216 | D:11     | Identified the +8 chain mail "Aseuloc" {+Inv Int+5} (You found it on level 11 of the Dungeon)
  9251 | D:11     | Reached skill level 10 in Shields
  9778 | D:11     | Found a staircase to the Orcish Mines.
  9989 | D:12     | Noticed Psyche
  9999 | D:12     | Killed Psyche
 10011 | D:12     | Received a gift from Trog
 10031 | D:12     | Noticed Sonja
 10047 | D:12     | Killed Sonja
 10620 | D:12     | Received a gift from Trog
 10896 | D:13     | Reached skill level 17 in Axes
 11029 | D:13     | Noticed a five-headed hydra
 11038 | D:13     | Killed an eight-headed hydra
 11102 | D:13     | Found a basalt altar of Yredelemnul.
 11128 | D:13     | Reached XP level 13. HP: 67/116 MP: 12/12
 11726 | D:13     | HP: 5/117 [something (6)]
 11727 | D:13     | Slain by a shadow wraith

Skill      XL: |  1  2  3  4  5  6  7  8  9 10 11 12 |
---------------+-------------------------------------+-----
Fighting       | 4 5 6 7 8 9 11 | 11.8
Axes           | 4 5 7 9 11 14 15 17 | 17.1
Shields        | 2 5 6 7 8 9 10 | 10.7
Throwing       | 1 2 3 4 5 6 7 |  7.7
Armour         | 3 4 5 6 7 |  7.9
Dodging        | 3 |  3.6
Stealth        | |  0.9

Action                   |  1- 3 |  4- 6 |  7- 9 | 10-12 | 13-15 || total
-------------------------+-------+-------+-------+-------+-------++-------
Melee: Hand axe          |    81 |    30 |       |       |       ||   111
       Headbutt          |    13 |    12 |    64 |   161 |    10 ||   260
       War axe           |       |    43 |   285 |   513 |    30 ||   871
Throw: Tomahawk          |       |       |     6 |       |       ||     6
       Javelin           |       |       |     1 |    23 |     8 ||    32
Invok: Berserk           |     1 |     2 |     4 |     8 |     1 ||    16
       Trog's Hand       |       |       |     1 |     1 |       ||     2
       Burn Spellbooks   |       |       |       |     4 |       ||     4
  Eat: Chunk             |     3 |     6 |    11 |    51 |     8 ||    79
       Ration            |       |       |     1 |     1 |       ||     2
Armor: Animal skin       |    24 |     2 |       |       |       ||    26
       Plate armour      |       |    50 |   105 |   145 |       ||   300
       Chain mail        |       |       |       |    80 |    22 ||   102
Dodge: Dodged            |    71 |    35 |   114 |   247 |    25 ||   492
Block: Buckler           |       |    14 |   142 |   160 |    13 ||   329
       Reflection        |       |       |     4 |       |       ||     4
